 Dungeon Crawl Stone Soup version 0.26-a0-712-ga5a9c9c9d0 (webtiles) character file.

Game seed: 4932142970030267079

78 kae the Insei (level 4, 0/28 HPs)
             Began as an Octopode Transmuter on Nov 10, 2020.
             Slain by an adder (2 damage)
             ... on level 3 of the Dungeon.
             The game lasted 00:01:25 (2246 turns).

kae the Insei (Octopode Transmuter)                 Turns: 2246, Time: 00:01:25

Health: 0/28       AC:  2    Str: 10    XL:     4   Next: 36%
Magic:  4/7        EV: 20    Int: 15    God:
Gold:   130        SH:  0    Dex: 17    Spells: 3/7 levels left

rFire    . . .     SeeInvis .     - Unarmed
rCold    . . .     Faith    .   (shield currently unavailable)
rNeg     . . .     Spirit   .   (helmet currently unavailable)
rPois    x         Reflect  .   (no amulet)
rElec    .         Harm     .   (no ring)
rCorr    .         Rampage  .   (no ring)
MR       .....                  (no ring)
Stlth    ++........             (no ring)
HPRegen  0.09/turn              (no ring)
MPRegen  0.10/turn              (no ring)
                                (no ring)
                                (no ring)

@: lethally poisoned (0 -> -28), spider-form (expiring)
A: tiny, almost no armour, stealthy swim, (amphibious), 8 rings, (constrict 8)
a: End Transformation


You were on level 3 of the Dungeon.
You were a venomous arachnid creature.
You visited 1 branch of the dungeon, and saw 3 of its levels.

You collected 130 gold pieces.

Inventory:

Jewellery
 b - a +6 ring of dexterity {unknown}
Scrolls
 c - a scroll of teleportation
 d - a scroll of remove curse
 e - a scroll of noise
 f - 3 scrolls of identify {unknown}
 h - 2 scrolls of fear {unknown}
 i - a scroll of immolation {unknown}
 k - a scroll of amnesia {unknown}
Potions
 a - 3 potions of flight {unknown}
 g - 3 potions of degeneration {unknown}
 j - a potion of curing {unknown}
 l - a potion of stabbing {unknown}
 m - a potion of mutation {unknown}


   Skills:
 + Level 1.5 Fighting
 + Level 2.3 Dodging
 + Level 0.4 Stealth
 * Level 3.7 Unarmed Combat
 + Level 2.3 Spellcasting
 * Level 2.9 Transmutations


You had 3 spell levels left.
You knew the following spells:

 Your Spells              Type           Power        Failure   Level
a - Beastly Appendage     Tmut           ##....       17%         1
b - Spider Form           Tmut/Pois      #.........   56%         3

Your spell library contained the following spells:

 Spells                   Type           Power        Failure   Level
 Wereblood                Tmut           ##......     24%         2
 Ice Form                 Ice/Tmut       #.......     89%         4
 Blade Hands              Tmut           ##........   96%         5


Dungeon Overview and Level Annotations

Branches:
Dungeon (3/15)

Altars:
Qazlal

Annotations:
D:2 exclusion: phantom


Innate Abilities, Weirdness & Mutations

You cannot wear most types of armour.
You are very stealthy in the water. (Stealth+)
((You are amphibious.))
You can wear up to eight rings at the same time.
((You can use your tentacles to constrict eight enemies at once.))
((Your skin changes colour to match your surroundings (Stealth+).))
((Your rubbery body absorbs attacks. (AC +1, EV +1)))


Message History

The adder poisons you!
You closely miss the adder.
The adder is severely wounded.
You feel sick. The adder barely misses you.
You barely miss the adder.
The adder is severely wounded.
Your transformation is almost over.
You feel sick. The adder bites you but does no damage.
You closely miss the adder.
The adder is severely wounded.
* * * LOW HITPOINT WARNING * * *
You feel sick. The adder bites you.
* * * LOW HITPOINT WARNING * * *
You are more poisoned.
The adder poisons you!
You barely miss the adder.
The adder is severely wounded.
* * * LOW HITPOINT WARNING * * *
You feel sick. The adder bites you.
You die... ♣≈PP≈PP

≈≈≈PP≈♣
#♣≈...P♣
......#
.....#
#....###
#......#
#s.....#
#S.....+
#..†...#
#.†....#
#......#
#.#.##....
#.#.#
.....
#.#.# ...#
#.#.# ..#


You could see an adder.

Vanquished Creatures
  2 adders (D:2)
  2 worms (D:2)
  4 dart slugs
  4 leopard geckos
  6 bats
  A giant cockroach (D:1)
  4 goblins
  3 hobgoblins
  4 jackals (D:1)
  4 frilled lizards
  5 kobolds
  3 rats
42 creatures vanquished.

Vanquished Creatures (others)
  3 plants (D:3)
3 creatures vanquished.

Grand Total: 45 creatures vanquished

Notes
Turn   | Place    | Note
-------+----------+-------------------------------------------
     0 | D:1      | kae the Octopode Transmuter began the quest for the Orb.
     0 | D:1      | Reached XP level 1. HP: 13/13 MP: 3/3
    84 | D:1      | Reached XP level 2. HP: 15/18 MP: 3/5
   506 | D:1      | Reached XP level 3. HP: 21/23 MP: 6/6
   517 | D:1      | Learned a level 3 spell: Spider Form
  1013 | D:2      | Noticed a fire elemental
  1015 | D:2      | Found a stormy altar of Qazlal.
  1024 | D:2      | Noticed an earth elemental
  1550 | D:2      | Reached XP level 4. HP: 22/28 MP: 3/7
  1620 | D:2      | Noticed a water elemental
  1728 | D:2      | Noticed a phantom
  2078 | D:2      | Noticed an air elemental
  2246 | D:3      | Slain by an adder

Illustrated notes

Levels and vault maps discovered:
D:1:      dpeg_arrival_rhombus, layout_rooms
D:2:      layout_rooms, nicolae_qazlal_style_of_elements
D:3:      layout_basic, biasface_ghost_orc_armoury, serial_bayou,
          serial_bayou_lagoon_b, serial_bayou_ford_a, serial_bayou_pond_d,
          serial_bayou_crossing, serial_bayou_shore_b

Action                   |  1- 3 |  4- 6 || total
-------------------------+-------+-------++-------
Melee: Unarmed           |    86 |    32 ||   118
       Constrict         |    26 |     4 ||    30
       Kick              |    14 |     3 ||    17
       Tentacles         |     4 |     5 ||     9
       Punch             |     1 |       ||     1
 Cast: Beastly Appendage |    12 |     4 ||    16
       Spider Form       |     1 |     1 ||     2
  Use: Scroll            |       |     3 ||     3
 Stab: Sleeping          |     5 |     1 ||     6
Armor: Skin              |     7 |     2 ||     9
Dodge: Dodged            |    59 |    15 ||    74

Table legend: (Time is in decaauts)
 A = Elapsed time spent in this place.
 B = Non-inter-level travel time spent in this place.
 C = Inter-level travel time spent in this place.
 D = Time resting spent in this place.
 E = Time spent auto-exploring this place.
 F = Levels seen in this place.
 G = Mean time per level.
                   A        B        C        D        E       F      G
               +--------+--------+--------+--------+--------+-----+--------+
         Total |   2240 |   2177 |     63 |     67 |   1786 |   3 |  746.7 |
       Dungeon |   2240 |   2177 |     63 |     67 |   1786 |   3 |  746.7 |
               +--------+--------+--------+--------+--------+-----+--------+

Top non-repeatable levels by time:
     D:1: 1285 daAuts
     D:2: 872 daAuts
     D:3: 82 daAuts
